Unix NetHack Version 5.0.0-0 post-release - last build May 17 2026 04:57:42 (dc50c8380fa5e20985bfe3072449f57b8d9895ef,branch:main).

Game began 2026-05-18 08:07:22, ended 2026-05-18 08:19:13.

ArrBianca, lawful female dwarven Archeologist

                                                                         -----
                                                    #####################....|
                                        -------     #####                |...|
                                        |.....|     #--------            |.{.|
                                        |...>..######-......|            |...|
  ----------                          ##-.....|     #|......|            |...|
  |...<....|                 #####    # |.....|    ##......^.##          --.--
  |...[....|     -------    #....# ##"# |...(..######|......| #            @
  |........|     |.....| #####...###    |.....|      -------- #            i
  |.........##   |^.....##   #....#     -------########################### ##
  ---------- ####-.....|     #...#        # ####              #####  ----.--.-
                 |.....|     #...#                                #  |.......|
                 |...(..######...#                                ###|`......|
                 -------     #####                                  #........|
                  #                                                  ---------

ArrBianca the Field Worker  St:12 Dx:13 Co:11 In:16 Wi:16 Ch:12  Lawful
Dlvl:2  $:20 HP:0(45) Pw:18(18) AC:10 Xp:5 T:1332 

Latest messages:
 The manes hits again!
 The manes bites!
 You hit the manes.
 You miss the manes.
 You destroy the manes!
 You hit the manes.
 You hit the manes.
 You miss the manes.
 The manes hits!
 The manes hits again!
 The manes misses!
 You destroy the manes!
 You hit the manes.
 The manes hits!
 The manes hits again!
 The manes bites!
 You miss the manes.
 The manes hits!
 The manes hits again!
 The manes bites!
 You miss the manes.
 The manes hits!
 The manes hits again!
 The manes bites!
 You miss the manes.
 You miss the manes.
 You hit the manes.
 The manes hits!
 The manes hits again!
 The manes bites!
 You hear a B note squeak in the distance.
 You hit the wood nymph.
 The wood nymph tries to rob you, but isn't interested in gold.
 The wood nymph vanishes!
 The wood nymph tries to rob you, but isn't interested in gold.
 The wood nymph vanishes!
 You hit the manes.
 You hit the manes.
 You hit the manes.
 The manes hits!
 The manes hits again!
 The manes bites!
 You feel more confident in your fighting skills.
 You hit the manes.
 The manes hits!
 The manes hits again!
 The manes bites!
 You die...
 Do you want an account of creatures vanquished? [ynaq] (y) y
 Do you want to see your conduct and achievements? [ynq] (y) q

Inventory:
 Coins    ('$')
  $ - 20 gold pieces

ArrBianca the Archeologist's attributes:

Background:
 You were a Field Worker, a level 5 female dwarven Archeologist.
 You were lawful, on a mission for Quetzalcoatl
 who was opposed by Camaxtli (neutral) and Huhetotl (chaotic).
 You were right-handed.
 You were in the Dungeons of Doom, on level 2.
 You entered the dungeon 1332 turns ago.
 There was a new moon in effect when your adventure ended.
 You had 207 experience points, 113 more were needed to attain level 6.

Basics:
 You had 0 out of 45 hit points.
 You had all 18 energy points (spell power).
 Your armor class was 10.
 Your wallet contained 20 zorkmids.
 Autopickup was on for '$?!/="+%' plus thrown, with exceptions.

Final Characteristics:
 Your strength was 12 (limit:18/100).
 Your dexterity was 13 (limit:20).
 Your constitution was 11 (limit:20).
 Your intelligence was 16 (limit:16).
 Your wisdom was 16 (limit:16).
 Your charisma was 12 (limit:16).

Final Status:
 You weren't hungry.
 You were unencumbered.
 You were bare handed.
 You were unskilled in bare handed combat and could have enhanced that.
 You weren't wearing any armor.

Final Attributes:
 You were devoutly aligned.
 You had automatic searching.
 You had infravision.
 You were stealthy.
 You are dead.

Miscellaneous:
 You didn't encounter any bones levels.
 Total elapsed playing time was 11 minutes and 51 seconds.

Major events:
 Turn
    1: ArrBianca the lawful female dwarven Archeologist entered the dungeon
  352: attained the rank of Field Worker (level 3)
 1332: killed by a manes

You didn't know any spells.

Skills:
 Fighting Skills
   bare handed combat [Unskilled]
   two weapon combat  [Unskilled]
   riding             [Unskilled]
 Weapon Skills
   dagger             [Unskilled]
   knife              [Unskilled]
   pick-axe           [Basic]
   short sword        [Unskilled]
   saber              [Unskilled]
   club               [Unskilled]
   quarterstaff       [Unskilled]
   sling              [Unskilled]
   dart               [Unskilled]
   boomerang          [Unskilled]
   whip               [Basic]
   unicorn horn       [Unskilled]
 Spellcasting Skills
   attack spells      [Unskilled]
   healing spells     [Unskilled]
   divination spells  [Unskilled]
   matter spells      [Unskilled]

Voluntary challenges:
 Character rerolling was not enabled.
 You never had a pet.
 You never genocided any monsters.
 You never polymorphed an object.
 You never changed form.
 You used no wishes.
Achievement:
 You attained the rank of Field Worker.

 The Dungeons of Doom: levels 1 to 2
    Level 1:
       An altar.
    Level 2: <- You were here.
       A fountain, many trees.
       Final resting place for
          you, killed by a manes.


Vanquished creatures:
  9 fog clouds
  a kitten
 an iguana
  3 coyotes
  3 manes
  a large kobold
  a cave spider
  a gnome zombie
  a fox
  3 goblins
  a bat
  3 lichens
  2 newts
30 creatures vanquished.

No species were genocided or became extinct.

Game over:
                       ----------
                      /          \
                     /    REST    \
                    /      IN      \
                   /     PEACE      \
                  /                  \
                  |    ArrBianca     |
                  |      20 Au       |
                  |   killed by a    |
                  |      manes       |
                  |                  |
                  |                  |
                  |       2026       |
                 *|     *  *  *      | *
        _________)/\\_//(\/(/\)/\//\/|_)_______

Goodbye ArrBianca the Archeologist...

You died in The Dungeons of Doom on dungeon level 2 with 896 points,
and 20 pieces of gold, after 1332 moves.
You were level 5 with a maximum of 45 hit points when you died.

